 Dungeon Crawl Stone Soup version 0.32-a0-314-g526f7d4993 (webtiles) character file.

Game seed: 7388765555827839461

104 senseless the Chopper (level 4, 0/41 HPs)
             Began as a Mountain Dwarf Monk on Feb 15, 2024.
             Was a Plaything of Xom.
             Slain by Ijyb
             ... wielding a +0 dagger
              (4 damage)
             ... on level 3 of the Dungeon.
             The game lasted 00:04:08 (2120 turns).

senseless the Chopper (Mountain Dwarf Monk)         Turns: 2120, Time: 00:04:31

Health: 0/41       AC:  0    Str: 15    XL:     4   Next: 52%
Magic:  4/4        EV: 11    Int: 11    God:    Xom [..*...]
Gold:   138        SH:  0    Dex: 12    Spells: 3/3 levels left

rFire   . . .        a - +0 hand axe
rCold   . . .        d - orb {light}
rNeg    . . .        j - +0 ring mail
rPois   .            p - +0 helmet
rElec   .            (no cloak)
rCorr   .            (no gloves)
SInv    .            o - +0 pair of boots
Will    +....        (no amulet)
Stlth   +            t - ring of willpower
HPRegen 0.26/turn    n - ring of flight
MPRegen 0.09/turn

%: no passive effects
@: corroded, flying, glowing
A: runic magic, artefact enchanting
a: Renounce Religion


You were on level 3 of the Dungeon.
You worshipped Xom.
You were a toy of Xom.
You visited 1 branch of the dungeon, and saw 3 of its levels.

You collected 138 gold pieces.

Inventory:

Hand Weapons
 a - a +0 hand axe (weapon)
Armour
 b - a +0 robe
 d - an orb of light (worn)
 j - a +0 ring mail (worn)
 o - a +0 pair of boots (worn)
 p - a +0 helmet (worn)
Jewellery
 g - a +6 ring of intelligence
 n - a ring of flight (right hand)
 t - a ring of willpower (left hand)
Talismans
 q - a serpent talisman
Scrolls
 e - a scroll of silence {unknown}
 f - a scroll of identify {unknown}
 h - 2 scrolls of amnesia {unknown}
 k - a scroll of fear {unknown}
 l - a scroll of enchant weapon {unknown}
 m - a scroll of summoning {unknown}
 s - a scroll of teleportation {unknown}
 u - a scroll of noise {unknown}
Potions
 c - a potion of ambrosia
 r - a potion of invisibility {unknown}


   Skills:
 + Level 4.4 Fighting
 + Level 4.7 Axes
 + Level 2.4 Armour
 - Level 2.1 Dodging


You had 3 spell levels left.
You didn't know any spells.
Your spell library was empty.

Dungeon Overview and Level Annotations

Branches:
Dungeon (3/15)

Altars:
Xom

Annotations:
D:3 Ijyb, Robin


Innate Abilities, Weirdness & Mutations

Your spellcasting is much less encumbered by armour.
You can use scrolls of enchantment on lesser artefacts.


Message History

You are too injured to fight recklessly!
You are too injured to fight recklessly!
Unknown command.
You are too injured to fight recklessly!
You are too injured to fight recklessly!
You hit the hobgoblin but do no damage. The hobgoblin barely misses you.
Robin throws the goblin at you!
* * * LOW HITPOINT WARNING * * *
The goblin hits you with a +0 club.
* * * LOW HITPOINT WARNING * * *
The goblin hits you with a +0 club.
* * * LOW HITPOINT WARNING * * *
It was a potion of heal wounds.
You feel much better. The goblin misses you. Robin throws the goblin at you!
The goblin barely misses you. The goblin closely misses you.
You hit Ijyb but do no damage. You hit the goblin. x2
You barely miss the goblin. The goblin misses you.
Ijyb hits you with a +0 dagger. The goblin misses you. x2
You completely miss Ijyb. You hit the goblin but do no damage.
You barely miss the goblin. You hit the goblin.
The goblin hits you with a +0 club. Ijyb misses you.
The goblin barely misses you. The goblin hits you with a +0 club.
You hit Ijyb but do no damage. You hit the goblin but do no damage.
You hit the goblin. x2
You kill the goblin!
The goblin hits you with a +0 club. x2; Robin throws the goblin at you!
* * * LOW HITPOINT WARNING * * *
You hit the hobgoblin but do no damage. You barely miss the goblin.
You completely miss Ijyb. You hit the goblin.
You kill the goblin!
You hit the goblin but do no damage. The goblin hits you with a +0 club.
* * * LOW HITPOINT WARNING * * *
The goblin hits you with a +0 club.
* * * LOW HITPOINT WARNING * * *
The hobgoblin hits you.
* * * LOW HITPOINT WARNING * * *
Ijyb hits you with a +0 dagger.
You die...
Ijyb screams, "Time for next experiment!"
Xom laughs nastily!

#.#### #.#.#
#......†.... #. .>..
#......†.... ## ##.##
#..#.#...... #.##
#........... #...####
#...........
#....######.#....#.
######.......###.#.##.#.
.......g)..).'........#.
####g@g....###.#..#.#.
....g.g###...# #.#..#.#.
......# ##### #.#..#.#.
...... #.#.##.#. .....
#.####.# ..... #.. ...
.... ### ## ....


You could see Ijyb, Robin, a hobgoblin and 2 goblins.

Vanquished Creatures
  2 adders (D:3)
  An orc (D:3)
  4 endoplasms
  4 giant cockroaches
  7 goblins
  4 hobgoblins
  3 quokkas
  5 ball pythons
  4 bats
  3 frilled lizards
  5 kobolds
  8 rats
50 creatures vanquished.

Vanquished Creatures (others)
  A goblin (D:3)
1 creature vanquished.

Grand Total: 51 creatures vanquished

Notes
Turn   | Place    | Note
-------+----------+-------------------------------------------
     0 | D:1      | senseless the Mountain Dwarf Monk began the quest for the
                  | Orb.
     0 | D:1      | Reached XP level 1. HP: 19/19 MP: 1/1
     6 | D:1      | Noticed a hound
     6 | D:1      | Noticed a rime drake
     6 | D:1      | Noticed a mana viper
     7 | D:1      | Noticed a snapping turtle
   163 | D:1      | Found a faded altar of an unknown god.
   176 | D:1      | Prayed at the altar of an unknown god.
   176 | D:1      | Became a worshipper of Xom of Bone-Dry Humour
   199 | D:1      | Reached XP level 2. HP: 26/26 MP: 2/2
   204 | D:1      | Reached skill level 1 in Armour
   218 | D:1      | XOM: divination: detect creatures
   249 | D:1      | XOM: silly message
   269 | D:1      | XOM: silly message
   439 | D:1      | XOM: silly message
   523 | D:1      | Reached XP level 3. HP: 33/33 MP: 3/3
  1313 | D:2      | XOM: silly message
  1678 | D:3      | Reached XP level 4. HP: 40/40 MP: 4/4
  1699 | D:3      | XOM: silly message
  1719 | D:3      | XOM: silly message
  1849 | D:3      | XOM: silly message
  1987 | D:3      | XOM: silly message
  2111 | D:3      | Noticed Ijyb
  2112 | D:3      | Noticed Robin
  2120 | D:3      | Slain by Ijyb

Illustrated notes

Levels and vault maps discovered:
D:1:      onia_arrival_zoo_common, layout_basic, ebering_ecumenical_altar_webs,
          minmay_heptomino_h4
D:2:      layout_basic
D:3:      layout_basic, nicolae_goblin_pals

Skill      XL: |  1  2  3 |
---------------+----------+-----
Armour         | 1 2 |  2.4
Axes           | 4 |  4.7
Fighting       | 4 |  4.4
Dodging        | |  2.1

Action                     |  1- 3 |  4- 6 || total
---------------------------+-------+-------++-------
  Melee: Hand axe          |    83 |    42 ||   125
    Use: Potion            |       |     1 ||     1
   Stab: Held in net/web   |     1 |       ||     1
 Armour: Robe              |    17 |       ||    17
         Ring mail         |    32 |    37 ||    69
  Dodge: Dodged            |    55 |    31 ||    86

Table legend: (Time is in decaauts)
 A = Elapsed time spent in this place.
 B = Non-inter-level travel time spent in this place.
 C = Inter-level travel time spent in this place.
 D = Time resting spent in this place.
 E = Time spent auto-exploring this place.
 F = Levels seen in this place.
 G = Mean time per level.
                   A        B        C        D        E       F      G
               +--------+--------+--------+--------+--------+-----+--------+
         Total |   2127 |   2065 |     62 |      0 |   1697 |   3 |  709.0 |
       Dungeon |   2127 |   2065 |     62 |      0 |   1697 |   3 |  709.0 |
               +--------+--------+--------+--------+--------+-----+--------+

Top non-repeatable levels by time:
     D:1: 906 daAuts
     D:2: 695 daAuts
     D:3: 525 daAuts
